 Dungeon Crawl Stone Soup version 0.28-a0-1236-gb25a51b929 (webtiles) character file.

Game seed: 11122041545694756762

308 willcat the Sneak (level 6, -3/39 HPs)
             Began as an Octopode Brigand on Dec 26, 2021.
             Slain by an orc wizard (5 damage)
             ... on level 4 of the Dungeon.
             The game lasted 00:02:23 (2413 turns).

willcat the Sneak (Octopode Brigand)                Turns: 2413, Time: 00:02:23

Health: -3/39      AC:  1    Str: 10    XL:     6   Next: 40%
Magic:  9/9        EV: 13    Int: 16    God:
Gold:   160        SH:  0    Dex: 13    Spells: 6/9 levels left

rFire   . . .      SeeInvis .   a - +2 dagger
rCold   . . .      Faith    .   (no shield)
rNeg    . . .      Spirit   .   (helmet restricted)
rPois   .          Reflect  .   f - amulet of regeneration
rElec   .          Harm     .   (no ring)
rCorr   .          Rampage  .   (no ring)
Will    .....                   (no ring)
Stlth   ++........              (no ring)
HPRegen 0.93/turn               (no ring)
MPRegen 0.11/turn               (no ring)
                                (no ring)
                                (no ring)

@: confused
A: almost no armour, amphibious, 8 rings, camouflage 1, gelatinous body 1,
(nimble swimmer 1), tentacles
a: no special abilities


You were on level 4 of the Dungeon.
You visited 1 branch of the dungeon, and saw 4 of its levels.

You collected 160 gold pieces.

Inventory:

Hand Weapons
 a - a +2 dagger (weapon)
Missiles
 b - 8 poisoned darts (quivered)
 c - 2 curare-tipped darts
Jewellery
 f - an amulet of regeneration (around mantle)
Scrolls
 d - a scroll of blinking {unknown}
 e - 3 scrolls of identify {unknown}
 g - a scroll of fog {unknown}
 h - a scroll of amnesia {unknown}
 i - a scroll of teleportation {unknown}
 j - a scroll of noise {unknown}


   Skills:
 - Level 2.0 Fighting
 + Level 3.3 Short Blades
 - Level 2.2 Throwing
 + Level 2.8 Dodging
 + Level 6.6 Stealth
 + Level 2.1 Spellcasting
 + Level 2.4 Conjurations


You had 6 spell levels left.
You knew the following spells:

 Your Spells              Type           Power      Damage    Failure   Level
a - Magic Dart            Conj           36%        1d4       8%          1
b - Searing Ray           Conj           18%        2d5       12%         2

Your spell library contained the following spells:

 Spells                   Type           Power      Damage    Failure   Level
 Tukima's Dance           Hex            1%         N/A       52%         3
 Fulminant Prism          Conj/Hex       2%         3d6       77%         4
 Animate Dead             Necr           0%         N/A       90%         4
 Passage of Golubria      Tloc           1%         N/A       90%         4
 Borgnjor's Vile Clutch   Necr/Erth      0%         N/A       99%         5
 Yara's Violent Unravell  Hex/Tmut       0%         3d3       99%         5
 Death Channel            Necr           0%         N/A       100%        6


Dungeon Overview and Level Annotations

Branches:
Dungeon (4/15)
 Temple: D:4-7

Altars:
Hepliaklqana
Nemelex Xobeh
Zin


Innate Abilities, Weirdness & Mutations

You cannot wear most types of armour.
You are amphibious.
You can wear up to eight rings at the same time.
Your skin changes colour to match your surroundings (Stealth+).
Your rubbery body absorbs attacks. (AC +1, EV +1)
((You are camouflaged when in or above water. (Stealth+)))
You have tentacles for arms and can constrict up to eight enemies at once.


Message History

You feel sick.
The orc priest hits you with a +0 trident.
Something barely misses you.
You see here a +0 falchion.
Unknown command.
You feel sick. The orc priest barely misses you.
You hear some strange, mumbled words.
You are confused.
Unknown command.
It was a potion of magic.
Magic courses through your body.
You feel sick. The orc priest closely misses you.
Unknown command.
You are too confused!
Unknown command.
You bump into the rock wall.
You feel sick.
You are no longer poisoned.
The orc priest completely misses you.
You hear some strange, mumbled words.
A magic dart appears from out of thin air!
The magic dart hits you.
Unknown command.
You bump into the rock wall.
The orc priest hits you from afar with a +0 trident.
Something hits you but does no damage.
Unknown command.
You bump into the rock wall.
The orc priest hits you from afar with a +0 trident!
* * * LOW HITPOINT WARNING * * *
Something hits you.
* * * LOW HITPOINT WARNING * * *
Unknown command.
You're too confused to move!
The orc priest begins to cast a cantrip, but forgets the words!
Something barely misses you.
Unknown command.
You bump into the rock wall.
The orc priest hits you from afar with a +0 trident.
* * * LOW HITPOINT WARNING * * *
Something hits you.
You die...

##.###.###.###.##.#.#
##### ####..<...#
#.)..#.# ....#
#...#.#### # ####.##
...(# #.###.# #..#
....# #..###.#
######PPP ....#
##S##...# #.....P..
.)†.########..##.###
#.....P..
.......)o..#.# #.#
#..>..P..
....####.)...###@#
#.....P.P ....#
#.##...##{# #.....)##
....# #.####..o.#
#......#. ##### #.#
###..###### #".....#.
..# #.......#
#......#. ###
##.####.# ###.###..
#.# #.# #.# #.# ^.#
#.#####.###.# .<.#
#.....#.#...#


You could see an orc priest.

Vanquished Creatures
  A black bear (D:3)
  An ogre (D:4)
  A hound (D:3)
  An orc priest (D:4)
  An adder (D:4)
  A worm (D:3)
  A dart slug (D:2)
  3 orcs
  8 ball pythons
  4 bats
  6 endoplasms
  4 giant cockroaches
  6 goblins
  5 hobgoblins
  4 jackals (D:2)
  6 kobolds (D:2)
  5 frilled lizards
  2 rats
60 creatures vanquished.

Vanquished Creatures (others)
  8 fungi
  9 plants (D:2)
  5 toadstools (D:4)
22 creatures vanquished.

Grand Total: 82 creatures vanquished

Notes
Turn   | Place    | Note
-------+----------+-------------------------------------------
     0 | D:1      | willcat the Octopode Brigand began the quest for the Orb.
     0 | D:1      | Reached XP level 1. HP: 14/14 MP: 1/1
   204 | D:1      | Reached XP level 2. HP: 19/19 MP: 2/2
   206 | D:1      | Learned a level 1 spell: Magic Dart
   952 | D:2      | Reached XP level 3. HP: 21/24 MP: 3/3
   963 | D:2      | Learned a level 2 spell: Searing Ray
  1094 | D:2      | Found a faded altar of an unknown god.
  1273 | D:2      | Reached skill level 1 in Conjurations
  1588 | D:3      | Found a sparkling altar of Nemelex Xobeh.
  1590 | D:3      | Found a hazy altar of Hepliaklqana.
  1690 | D:3      | Reached skill level 1 in Spellcasting
  1690 | D:3      | Reached XP level 4. HP: 29/29 MP: 5/5
  2058 | D:3      | Noticed a black bear
  2062 | D:3      | Killed a black bear
  2063 | D:3      | Reached skill level 6 in Stealth
  2063 | D:3      | Reached XP level 5. HP: 34/34 MP: 5/7
  2250 | D:4      | Found a glowing silver altar of Zin.
  2250 | D:4      | Noticed an angel
  2335 | D:4      | Noticed an ogre
  2350 | D:4      | Killed an ogre
  2351 | D:4      | Reached XP level 6. HP: 33/39 MP: 7/9
  2413 | D:4      | Slain by an orc wizard

Illustrated notes

Levels and vault maps discovered:
D:1:      matt_arrival_spirals, layout_loops_ring
D:2:      layout_basic, shapermc_ecumenical_altar_mp_urbaneastern,
          grunt_decor_resistance
D:3:      layout_basic, grunt_temple_overflow_open
D:4:      layout_rooms, zin_angel, nicolae_concentric_dashed_squares_mild,
          minmay_gold_behind_fungi, serial_park_tiny_1

Skill      XL: |  1  2  3  4  5 |
---------------+----------------+-----
Conjurations   | 1 2 |  2.4
Spellcasting   | 1 2 |  2.1
Dodging        | 2 |  2.8
Short Blades   | 3 |  3.3
Stealth        | 6 |  6.6
Fighting       | |  2.0
Throwing       | |  2.2

Action                   |  1- 3 |  4- 6 || total
-------------------------+-------+-------++-------
Melee: Dagger            |    66 |    42 ||   108
       Constrict         |    11 |    10 ||    21
       Tentacles         |     6 |     8 ||    14
Throw: Dart              |       |     5 ||     5
  Use: Potion            |       |     1 ||     1
 Stab: Sleeping          |    16 |     7 ||    23
       Distracted        |     1 |       ||     1
Armor: Skin              |     8 |     2 ||    10
Dodge: Dodged            |    47 |    16 ||    63

Table legend: (Time is in decaauts)
 A = Elapsed time spent in this place.
 B = Non-inter-level travel time spent in this place.
 C = Inter-level travel time spent in this place.
 D = Time resting spent in this place.
 E = Time spent auto-exploring this place.
 F = Levels seen in this place.
 G = Mean time per level.
                   A        B        C        D        E       F      G
               +--------+--------+--------+--------+--------+-----+--------+
         Total |   2397 |   2270 |    127 |      0 |   1855 |   4 |  599.2 |
       Dungeon |   2397 |   2270 |    127 |      0 |   1855 |   4 |  599.2 |
               +--------+--------+--------+--------+--------+-----+--------+

Top non-repeatable levels by time:
     D:2: 856 daAuts
     D:1: 723 daAuts
     D:3: 554 daAuts
     D:4: 263 daAuts
